 Dungeon Sprint DCSS version 0.30-a0-305-g026cb31310 (webtiles) character file.

Game seed: 811344685121114555

95 rocky1 the Insei (level 4, -4/28 HPs)
             Began as an Octopode Transmuter on Oct 23, 2022.
             Was an Initiate of Gozag.
             Slain by a two-headed ogre
             ... wielding a +0 giant club
              (32 damage)
             ... in the Dungeon (Sprint IX: "|||||||||||||||||||||||||||||").
             The game lasted 00:01:37 (619 turns).

rocky1 the Insei (Octopode Transmuter)               Turns: 619, Time: 00:01:39

Health: -4/28      AC:  2    Str:  9    XL:     4   Next: 66%
Magic:  6/9        EV: 22    Int: 20    God:    Gozag
Gold:   0          SH:  0    Dex: 20    Spells: 0/10 levels left

rFire   . . .      SeeInvis .      - Unarmed
rCold   . . .      Faith    .    (shield currently unavailable)
rNeg    . . .      Spirit   .    (helmet currently unavailable)
rPois   x          Reflect  .    (no amulet)
rElec   .          Harm     .    k - +3 ring of dexterity
rCorr   .          Rampage  .    l - +3 ring of intelligence
Will    .....      NoTele   +    (no ring)
Stlth   ++........               (no ring)
HPRegen 0.24/turn                (no ring)
MPRegen 0.11/turn                (no ring)
                                 (no ring)
                                 (no ring)

@: spider-form, invisible
A: venomous fangs, almost no armour, (amphibious), 8 rings, tiny, (camouflage
1), (gelatinous body 1), (nimble swimmer 1), (tentacles)
a: End Transformation, Renounce Religion, Potion Petition, Call Merchant, Bribe
Branch


You were in the Dungeon.
You worshipped Gozag.
Gozag was noncommittal.
You were a venomous arachnid creature.
You visited 1 branch

Inventory:

Jewellery
 k - a +3 ring of dexterity (left front leg)
 l - a +3 ring of intelligence (right front leg)
Wands
 j - a wand of iceblast (10)
Scrolls
 g - 2 scrolls of blinking
 i - 2 scrolls of amnesia
Potions
 a - a potion of lignification
 b - 5 potions of curing
 d - a potion of haste
 e - 4 potions of magic
 f - a potion of berserk rage
 h - 2 potions of heal wounds


   Skills:
 + Level 1.5 Fighting
 + Level 4.0 Dodging
 * Level 7.0 Unarmed Combat
 - Level 3.7 Spellcasting
 + Level 3.4 Transmutations


You couldn't memorise any spells.
You knew the following spells:

 Your Spells              Type           Power      Damage    Failure   Level
a - Beastly Appendage     Tmut           34%        N/A       11%         1
b - Wereblood             Tmut           17%        N/A       14%         2
c - Spider Form           Tmut/Pois      10%        N/A       41%         3
d - Ice Form              Ice/Tmut       10%        N/A       75%         4

Your spell library contained the following spells:

 Spells                   Type           Power      Damage    Failure   Level


Dungeon Overview and Level Annotations

Branches:
Dungeon (1/1)

Altars:
Cheibriados
Dithmenos
Elyvilon
Fedhas
Gozag
Hepliaklqana
Kikubaaqudgha
Makhleb
Nemelex Xobeh
Okawaru
Qazlal
Ru
Sif Muna
Trog
Uskayaw
Vehumet
Wu Jian
Xom
Yredelemnul
Zin
The Shining One
Jiyva
Lugonu


Innate Abilities, Weirdness & Mutations

You are a venomous arachnid creature.
You have poisonous fangs.
You are tiny and dextrous.
Your spellcasting is less reliable in this form.
Your armour is entirely melded.
You are incapable of wielding weapons or throwing items.
You cannot wear most types of armour.
((You are amphibious.))
You can wear up to eight rings at the same time.
((Your skin changes colour to match your surroundings (Stealth+).))
((Your rubbery body absorbs attacks. (AC +1, EV +1)))
((You are camouflaged when in or above water. (Stealth+)))
((You have tentacles for arms and can constrict up to eight enemies at once.))


Message History

l - a +3 ring of intelligence (right tentacle) Unknown command.
You see here a +1 chain mail.
Memorise Wereblood, consuming 2 spell levels and leaving 7?
You start memorising the spell.
You continue memorising. x2
You finish memorising.
Spell assigned to 'b'.
This spell is quite dangerous to cast!
Memorise Spider Form, consuming 3 spell levels and leaving 4?
You start memorising the spell.
You continue memorising. x3
You finish memorising.
Spell assigned to 'c'.
This spell is astonishingly dangerous to cast!
Memorise Ice Form, consuming 4 spell levels and leaving 0?
You start memorising the spell.
You continue memorising. x4
You finish memorising.
Spell assigned to 'd'.
Casting: Beastly Appendage (safe; 3% risk of failure)
Confirm with . or Enter, or press ? or * to list all spells.
The spell is quite dangerous to miscast (21% risk of failure)!
Continue anyway?
Okay, then.
Casting: Spider Form (quite dangerous; 21% risk of failure)
Confirm with . or Enter, or press ? or * to list all spells.
The spell is quite dangerous to miscast (21% risk of failure)!
Continue anyway?
You turn into a venomous arachnid creature.
Unknown command.
You open the door. 2 orcs, a yak, a wight, a vampire and a two-headed ogre come into view.
The wight is wielding a +4 mace of freezing.
Unknown command.
You fade into invisibility!
The vampire gestures wildly while chanting.
The vampire flickers and vanishes!
Deactivating autopickup; reactivate with Ctrl-A.
There is an open door to the Dungeon here.
Unknown command.
The helpless two-headed ogre fails to defend itself.
You bite the two-headed ogre!
The two-headed ogre is poisoned.
The two-headed ogre is moderately wounded.
The two-headed ogre hits you with a +0 giant club!!
Ouch! That really hurt!
You die...
Your body crumbles into a pile of gold.

▓+▓
▓o▓
$
▓Y▓
$
▓z▓
$ $
▓{▓
$
▓o▓
$ $
▓O▓
▓s▓
$
▓.▓
▓.▓
$
▓[▓
▓[▓
$
▓[▓
▓.▓
$
▓)▓
$
▓.▓
$


You could see a two-headed ogre (unable to see you, very poisoned), a yak
(asleep), a wight (unable to see you), an orc priest (unable to see you) and an
orc wizard (asleep).

Vanquished Creatures
  A gnoll bouda (D)
  2 iguanas (D)
  An adder (D)
  An orc (D)
  A ball python (D)
  An endoplasm (D)
  3 hobgoblins (D)
10 creatures vanquished.

Notes
Turn   | Place    | Note
-------+----------+-------------------------------------------
     0 | D        | rocky1 the Octopode Transmuter began the quest for the Orb.
     0 | D        | Reached XP level 1. HP: 13/13 MP: 3/3
    16 | D        | Reached skill level 4 in Unarmed Combat
    20 | D        | Reached XP level 2. HP: 5/18 MP: 5/5
   284 | D        | Reached skill level 5 in Unarmed Combat
   284 | D        | Reached XP level 3. HP: 23/23 MP: 5/7
   290 | D        | Reached skill level 6 in Unarmed Combat
   290 | D        | Reached XP level 4. HP: 24/28 MP: 6/8
   298 | D        | Reached skill level 7 in Unarmed Combat
   554 | D        | Found a snail-covered altar of Cheibriados.
   554 | D        | Found a shadowy altar of Dithmenos.
   554 | D        | Found a white marble altar of Elyvilon.
   554 | D        | Found a blossoming altar of Fedhas.
   554 | D        | Found an opulent altar of Gozag.
   555 | D        | Found a hazy altar of Hepliaklqana.
   556 | D        | Found a viscous altar of Jiyva.
   557 | D        | Found an ancient bone altar of Kikubaaqudgha.
   558 | D        | Found a corrupted altar of Lugonu.
   559 | D        | Found a burning altar of Makhleb.
   560 | D        | Found a sparkling altar of Nemelex Xobeh.
   561 | D        | Found an iron altar of Okawaru.
   562 | D        | Became a worshipper of Gozag Ym Sagoz the Greedy
   563 | D        | Found a stormy altar of Qazlal.
   564 | D        | Found a sacrificial altar of Ru.
   565 | D        | Found a shimmering blue altar of Sif Muna.
   566 | D        | Found a bloodstained altar of Trog.
   567 | D        | Found a hide-covered altar of Uskayaw.
   568 | D        | Found a radiant altar of Vehumet.
   569 | D        | Found an ornate altar of the Wu Jian Council.
   570 | D        | Found a shimmering altar of Xom.
   571 | D        | Found a basalt altar of Yredelemnul.
   572 | D        | Found a glowing silver altar of Zin.
   573 | D        | Found a glowing golden altar of the Shining One.
   604 | D        | Learned a level 2 spell: Wereblood
   608 | D        | Learned a level 3 spell: Spider Form
   613 | D        | Learned a level 4 spell: Ice Form
   616 | D        | Noticed a yak
   616 | D        | Noticed a vampire
   616 | D        | Noticed a two-headed ogre
   619 | D        | Slain by a two-headed ogre

Illustrated notes

Levels and vault maps discovered:
D:        linesprint [early_d, line_temple, items_1, d_10, items_2, lair_1,
          lair_end, items_3, orc_1, orc_end, items_4, d_15, swamp_1, shoals_1,
          snake_1, spider_1, d_20, vaults_1, items_5, swamp_end, shoals_end,
          snake_end, spider_end, vaults_end, d_27, items_6, zot_1, zot_end,
          crypt_end, forest_end, elf_end, slime_end, tomb_end, abyss_end,
          pan_hell_end]

Skill      XL: |  1  2  3  4 |
---------------+-------------+-----
Unarmed Combat | 4 5 6 7 |  7.0
Dodging        | 3 4 |  4.0
Spellcasting   | 3 |  3.7
Transmutations | 3 |  3.4
Fighting       | |  1.5

Action                   |  1- 3 |  4- 6 || total
-------------------------+-------+-------++-------
Melee: Unarmed           |    23 |    13 ||    36
       Constrict         |     6 |     3 ||     9
       Tentacles         |     6 |     3 ||     9
       Kick              |     2 |     5 ||     7
 Cast: Beastly Appendage |     1 |       ||     1
       Spider Form       |       |     1 ||     1
  Use: Potion            |     1 |     1 ||     2
 Stab: Sleeping          |       |     1 ||     1
Armor: Skin              |     1 |     1 ||     2
Dodge: Dodged            |     8 |     6 ||    14

Table legend: (Time is in decaauts)
 A = Elapsed time spent in this place.
 B = Non-inter-level travel time spent in this place.
 C = Inter-level travel time spent in this place.
 D = Time resting spent in this place.
 E = Time spent auto-exploring this place.
 F = Levels seen in this place.
 G = Mean time per level.
                   A        B        C        D        E       F      G
               +--------+--------+--------+--------+--------+-----+--------+
         Total |    614 |    614 |      0 |    500 |      0 |   1 |  614.0 |
       Dungeon |    614 |    614 |      0 |    500 |      0 |   1 |  614.0 |
               +--------+--------+--------+--------+--------+-----+--------+

Top non-repeatable levels by time:
       D: 614 daAuts
